 Dungeon Crawl Stone Soup version 0.30-a0-210-g01b79a254e (webtiles) character file.

Game seed: 9087603405134938645

242134 Flugkiller the Warrior (level 18, -12/149 HPs)
             Began as a Mummy Warper on Oct 4, 2022.
             Was the Champion of Okawaru.
             Mangled by Mennas
             ... wielding a +2 trishula of holy wrath
              (21 damage)
             ... on level 2 of the Vaults.
             The game lasted 00:58:55 (34148 turns).

Flugkiller the Warrior (Mummy Warper)              Turns: 34148, Time: 00:58:55

Health: -12/149    AC: 30    Str: 16    XL:     18   Next: 67%
Magic:  31/31      EV: 14    Int: 26    God:    Okawaru [******]
Gold:   1637       SH:  5    Dex: 12    Spells: 22/35 levels left

rFire   + . .      SeeInvis .    P - +8 demon trident "Rift" {distort, reach+}
rCold   + + +      Faith    +    r - +0 buckler "Zaquonno" {rC+ Str+2 Slay+3}
rNeg    + + +      Spirit   .    O - +0 fire dragon scales
rPois   ∞          Reflect  .    S - +1 helmet "File" {rElec rN+ Str-3 Int+5}
rElec   +          Harm     .    H - +3 cloak of Chimes {Slay+2}
rCorr   .          Rampage  .    o - +2 pair of gloves of Negation {Contam rPois rC++ Int+4}
Will    +++..                    L - +2 pair of boots {Fly}
Stlth   ..........               D - amulet "Zedus" {Faith Will+ Regen+}
HPRegen 1.24/turn                v - +4 ring of evasion
MPRegen 0.22/turn                p - +4 ring of protection

@: flying, glowing, studying Fighting, silenced
A: cold resistance 1, negative energy resistance 3, torment resistance 2, heat
vulnerability 1, in touch with death 2, no potions, faith
}: 2/15 runes: decaying, serpentine
a: Renounce Religion


You were on level 2 of the Vaults.
You worshipped Okawaru.
Okawaru was exalted by your worship.
You visited 6 branches of the dungeon, and saw 32 of its levels.
You also visited: Gauntlet and Ice Cave.

You collected 3560 gold pieces.
You spent 1923 gold pieces at shops.

Inventory:

Hand Weapons
 q - the +10 lance "Wyrmbane" {slay drac, rPois rF+ rC+ AC+3}
   (You found it on level 9 of the Dungeon)

   It inflicts extra damage against dragons and draconians.
   AC:        It affects your AC (+3).
   rF:        It protects you from fire.
   rC:        It protects you from cold.
   rPois:     It protects you from poison.
 P - the +8 demon trident "Rift" (weapon) {distort, reach+}
   (You acquired it on level 3 of the Snake Pit)

   It warps and distorts space around it, and may blink, banish, or inflict
   extra damage upon those it strikes.
   Unwielding it can cause banishment or high damage.
   It can reach especially far, and its reaching attacks ignore other creatures
   in the way.
Missiles
 b - 25 boomerangs
 d - 7 boomerangs of dispersal
 A - 12 javelins
 C - 3 throwing nets
 I - 2 curare-tipped darts (quivered)
Armour
 g - a +2 helmet of see invisible
   (You found it on level 9 of the Dungeon)
 l - the +0 buckler of Ynux {rF+}
   (Okawaru gifted it to you on level 14 of the Dungeon)

   rF:        It protects you from fire.
 o - the +2 pair of gloves of Negation (worn) {Contam rPois rC++ Int+4}
   (You acquired it on level 12 of the Dungeon)

   Int:       It affects your intelligence (+4).
   rC:        It greatly protects you from cold.
   rPois:     It protects you from poison.
   Contam:    It causes magical contamination when unequipped.
 r - the +0 buckler "Zaquonno" (worn) {rC+ Str+2 Slay+3}
   (You acquired it on level 1 of the Snake Pit)

   Str:       It affects your strength (+2).
   Slay:      It affects your accuracy & damage with ranged weapons and melee
   (+3).
   rC:        It protects you from cold.
 y - the +9 chain mail "Lumastaen" {rElec Int+5}
   (You found it on level 14 of the Dungeon)

   Int:       It affects your intelligence (+5).
   rElec:     It insulates you from electricity.
 H - the +3 cloak of Chimes (worn) {Slay+2}
   (Okawaru gifted it to you on level 9 of the Dungeon)

   Slay:      It affects your accuracy & damage with ranged weapons and melee
   (+2).
 L - a +2 pair of boots of flying (worn)
   (Okawaru gifted it to you on level 2 of the Lair of Beasts)
 O - +0 fire dragon scales (worn)
   (You found it on level 5 of the Lair of Beasts)
 R - a +2 kite shield of fire resistance
   (You took it off a naga warrior on level 1 of the Snake Pit)
 S - the +1 helmet "File" (worn) {rElec rN+ Str-3 Int+5}
   (Okawaru gifted it to you on level 1 of the Snake Pit)

   Str:       It affects your strength (-3).
   Int:       It affects your intelligence (+5).
   rElec:     It insulates you from electricity.
   rN:        It protects you from negative energy.
Jewellery
 a - an amulet of the acrobat
   (You found it on level 3 of the Dungeon)
 c - a ring of protection from cold
   (You found it on level 12 of the Dungeon)
 f - a ring of protection from fire
   (You found it in a Gauntlet)
 i - a ring of see invisible
   (You found it on level 2 of the Swamp)
 m - a ring of willpower
   (You found it in a Gauntlet)
 p - a +4 ring of protection (right hand)
   (You found it on level 4 of the Dungeon)
 v - a +4 ring of evasion (left hand)
   (You found it on level 5 of the Dungeon)
 D - the amulet "Zedus" (around neck) {Faith Will+ Regen+}
   (You found it on level 8 of the Dungeon)

   [amulet of faith]

   It allows you to gain divine favour quickly.
   Regen:     It increases your rate of health regeneration.
   Will:      It increases your willpower.
 J - an amulet of reflection
   (You found it on level 4 of the Snake Pit)
 N - a +4 ring of protection
   (You took it off a nagaraja on level 4 of the Snake Pit)
Wands
 h - a wand of mindburst (22)
   (You found it on level 12 of the Dungeon)
 u - a wand of iceblast (27)
   (You found it on level 8 of the Dungeon)
 w - a wand of polymorph (9)
   (You found it on level 5 of the Lair of Beasts)
 G - a wand of digging (4)
   (You found it on level 4 of the Dungeon)
 K - a wand of flame (24)
   (You found it on level 5 of the Lair of Beasts)
 M - a wand of quicksilver (6)
   (You found it on level 2 of the Lair of Beasts)
Scrolls
 e - 3 scrolls of torment
 j - 7 scrolls of vulnerability
 k - a scroll of fear
 n - 4 scrolls of poison
 s - 9 scrolls of immolation
 t - 10 scrolls of teleportation
 x - 6 scrolls of enchant weapon
 z - 2 scrolls of blinking
 B - 4 scrolls of magic mapping
 E - a scroll of enchant armour
 F - a scroll of acquirement
Miscellaneous
 Q - a condenser vane
   (You found it on level 1 of the Vaults)


   Skills:
 + Level 15.5 Fighting
 - Level 6.0(10.3) Axes
 + Level 13.0(13.5) Polearms
 - Level 1.2 Throwing
 - Level 11.0 Armour
 - Level 5.0 Dodging
 - Level 5.0 Shields
 - Level 9.0 Spellcasting
 - Level 10.0 Conjurations
 - Level 6.0 Translocations
 - Level 11.4 Transmutations
 - Level 3.0 Air Magic
 - Level 10.0 Invocations
 - Level 8.0 Evocations


You had 22 spell levels left.
You knew the following spells:

 Your Spells              Type           Power      Damage    Failure   Level
a - Teleport Other        Tloc           42%        N/A       6%          3
b - Vhi's Electric Charg  Tloc/Air       70%        N/A       11%         3
i - Irradiate             Conj/Tmut      30%        3d21      8%          5
r - Blink                 Tloc           84%        N/A       3%          2

Your spell library contained the following spells:

 Spells                   Type           Power      Damage    Failure   Level
 Apportation              Tloc           84%        N/A       1%          1
 Sting                    Tmut/Pois      100%       1d8       2%          1
 Gell's Gravitas          Tloc           42%        N/A       6%          3
 Lesser Beckoning         Tloc           84%        N/A       6%          3
 Dazzling Flash           Conj/Hex       74%        N/A       9%          3
 Hailstorm                Conj/Ice       37%        3d9       9%          3
 Stone Arrow              Conj/Erth      74%        3d11      9%          3
 Iskenderun's Mystic Bla  Conj/Tloc      52%        2d11      9%          4
 Poisonous Vapours        Pois/Air       38%        N/A       19%         2
 Manifold Assault         Tloc           42%        N/A       19%         4
 Portal Projectile        Hex/Tloc       54%        N/A       21%         3
 Freeze                   Ice            44%        1d6       22%         1
 Necrotise                Necr           100%       1d9       22%         1
 Petrify                  Tmut/Erth      41%        N/A       22%         4
 Ensorcelled Hibernation  Hex/Ice        22%        N/A       34%         2
 Frozen Ramparts          Ice            22%        1d4       56%         3
 Anguish                  Hex/Necr       13%        N/A       92%         4
 Leda's Liquefaction      Hex/Erth       5%         N/A       92%         4
 Olgreb's Toxic Radiance  Pois           11%        N/A       92%         4
 Conjure Ball Lightning   Conj/Air       22%        3x3d6     94%         6
 Dispersal                Tloc           21%        N/A       96%         6
 Metabolic Englaciation   Hex/Ice        5%         N/A       99%         5
 Starburst                Conj/Fire      18%        6d7       99%         6
 Discord                  Hex            5%         N/A       100%        8
 Disjunction              Tloc           21%        N/A       100%        8
 Lehudib's Crystal Spear  Conj/Erth      18%        10d6      100%        8
 Blade Hands              Tmut           Unusable   N/A       N/A         5
 Spider Form              Tmut/Pois      Unusable   N/A       N/A         3
 Summon Small Mammal      Summ           Unusable   N/A       N/A         1
 Call Canine Familiar     Summ           Unusable   N/A       N/A         3
 Dragon Form              Tmut           Unusable   N/A       N/A         7
 Animate Armour           Summ/Erth      Unusable   N/A       N/A         4
 Statue Form              Tmut/Erth      Unusable   N/A       N/A         6

Dungeon Overview and Level Annotations

Branches:
Dungeon (15/15) Zot: 25617  Temple (0/1) D:4            Lair (5/5) D:8 Zot: 23758
  Swamp (4/4) Lair:3 Zot: 20873   Snake (4/4) Lair:3 Zot: 19638   Slime (0/5) Lair:4
    Orc (2/2) D:9 Zot: 10259     Elf (0/3) Orc:2        Vaults (2/5) D:14 Zot: 10684
 Depths (0/4) D:15          IceCv (visited)         Gauntlet (visited)
  Crypt: Vaults:2-3

Altars:
Cheibriados
Fedhas
Gozag
Hepliaklqana
Kikubaaqudgha
Makhleb
Nemelex Xobeh
Okawaru
Qazlal
Ru
Trog
Vehumet
Jiyva

Shops:
D:1 :*[*[   D:9 [   D:12 :   Orc:2 [[*[   Snake:1 ?[   Snake:4 :?[=
Vaults:1 [

Portals:
Trove: D:11 (give +3 storm dragon scales)

Annotations:
D:4 2 transporters
D:9 3 runed translucent doors, qborf's ghost, novice DEFE
D:14 1 runed translucent door, Teareba's ghost, adept VSBr
Lair:5 2 transporters, gabibbone's ghost, journeyman AtFi
Snake:1 Roxanne
Snake:4 1 runed translucent door, BankerBuddy's ghost, journeyman MiFi
Vaults:2 Mennas


Innate Abilities, Weirdness & Mutations

You are immune to poison.
Your flesh is cold resistant. (rC+)
You are immune to negative energy. (rN+++)
You are immune to unholy pain and torment.
You are vulnerable to heat. (rF-)
You are strongly in touch with the powers of death.
You do not drink.
You have a special connection with the divine. (Faith)


Message History

The yaktaur captain hits you but does no damage.
Casting: Irradiate (dangerous; 6% risk of failure)
Confirm with . or Enter, or press ? or * to list all spells.
You erupt in a fountain of uncontrolled magic!
The vault guard zombie is blasted with magical radiation!!!
The vault guard zombie is almost destroyed.
The yaktaur captain is blasted with magical radiation!!!
You kill the yaktaur captain!
Okawaru accepts your kill.
A freezing mist starts to gather...
A yaktaur captain simulacrum comes into view.
The vault guard zombie hits you but does no damage.
Casting: Irradiate (dangerous; 6% risk of failure)
Confirm with . or Enter, or press ? or * to list all spells.
You erupt in a fountain of uncontrolled magic!
The vault guard zombie is blasted with magical radiation!!
You destroy the vault guard zombie!
Okawaru accepts your kill.
The yaktaur captain simulacrum is blasted with magical radiation!!!
The yaktaur captain simulacrum is almost destroyed.
You are contaminated with residual magic.
Unknown command.
You impale the yaktaur captain simulacrum!!
The yaktaur captain simulacrum vaporises!
You see here an ugly thing corpse.
You see here a +0 arbalest.
Items here: )) [ †.
You start resting.
You feel less contaminated with magical energies.
You start resting.
Your hands slow down.
You start resting.
You feel like a meek peon again.
Unknown command.
You start resting.
Your magical contamination has completely faded away.
Unknown command.
You see here a +0 arbalest.
HP restored.
You see here an ugly thing corpse.
You see here a +0 arbalest.
You see here a +0 arbalest.
You see here a +0 arbalest.
There is an open door, spattered with blood here.
Items here: )) [[ †.
There is an open door here.
Magic restored.
Mennas, the Voice of Zin comes into view.
He is wielding a +2 trishula of holy wrath.
Mennas is nearby!
Mennas is nearby!
Mennas is nearby!
Mennas blocks your attack.
You puncture Mennas!
Mennas is lightly wounded.
Mennas misses you. Mennas hits you but does no damage.
A vault warden comes into view. It is wielding a +0 battleaxe.
Mennas blocks your attack.
Mennas is lightly wounded.
The vault warden shouts!
Mennas gestures frantically.
Mennas's surroundings become eerily quiet.
You puncture Mennas!
Space warps around Mennas.
Mennas is lightly wounded.
Mennas hits you from afar with a +2 trishula of holy wrath!
You convulse!
Mennas hits you but does no damage.
You puncture Mennas!
Space warps around Mennas.
Mennas is moderately wounded.
Mennas hits you from afar with a +2 trishula of holy wrath!!
You convulse.
Mennas hits you from afar with a +2 trishula of holy wrath.
You convulse.
Mennas blocks your attack.
Mennas is moderately wounded.
Mennas barely misses you.
Mennas hits you from afar with a +2 trishula of holy wrath!
You convulse.
You are too injured to fight recklessly!
Magic scrolls do not work when you're silenced!
Unknown command.
Okay, then.
Unknown command.
Reach: P) +8 demon trident "Rift" {distort, reach+}
Press: ? - help, Dir - move target, f/p - Mennas
Aim: Mennas, wielding a +2 trishula of holy wrath and wearing a +0 tower shield (silenced, moderately wounded, radiating silence, haloed, about 45% to evade the +8 demon trident "Rift")
You hit Mennas.
Space warps horribly around Mennas!
Mennas is heavily wounded.
Mennas hits you from afar with a +2 trishula of holy wrath!!
You convulse!!
* * * LOW HITPOINT WARNING * * *
Mennas closely misses you.
Unknown command.
Unknown command.
Okay, then.
Magic scrolls do not work when you're silenced!
Unknown command.
Mennas barely misses you.
Mennas hits you from afar with a +2 trishula of holy wrath!!
* * * LOW HITPOINT WARNING * * *
You convulse!!
You die...

..... ..... ... ... #
##p#####.# #........#
#..A.....# #........#
#..@.....# #........#
#........# #........#
#........#
#..........
#.......... ..
####+######..........
. ...................
.


You could see Mennas (silencing) and a vault warden.

Vanquished Creatures
  Bai Suzhen (Arena)
  Nikola (Snake:2)
  Rupert (Lair:4)
  Agnes (Lair:3)
  A thorn hunter (Swamp:1)
  6 nagarajas
  Donald (Orc:2)
  Louise (D:14)
  An emperor scorpion (Gauntlet)
  Aizul (Lair:3)
  An orc warlord (Orc:1)
  A stone giant (Vaults:1)
  An ironbound thunderhulk (Vaults:1)
  3 eleionomae
  2 ironbound preservers
  Azrael (D:14)
  3 bunyips
  3 dire elephants
  A fire dragon (Lair:5)
  An ettin (Orc:1)
  Josephine (D:10)
  A yaktaur captain (Vaults:2)
  A shambling mangrove (Swamp:4)
  A great orb of eyes (Vaults:2)
  A salamander tyrant (Snake:4)
  An ogre mage (D:14)
  15 hydras
  An ironbound frostheart (Vaults:1)
  7 centaur warriors
  A death knight (D:15)
  A ghost crab (Swamp:2)
  5 boulder beetles
  7 anacondas
  8 alligators
  12 death yaks
  3 two-headed ogres
  12 naga warriors
  4 orc high priests (Orc:2)
  6 shock serpents
  6 naga sharpshooters
  A salamander mystic (Snake:4)
  A glowing orange brain (Vaults:1)
  A fire crab (Lair:5)
  8 goliath frogs
  6 spriggan druids
  7 sea snakes
  7 naga ritualists
  10 swamp dragons
  14 deep trolls
  4 harpies (Vaults:2)
  5 wizards
  4 bog bodies
  A deep elf pyromancer (D:14)
  5 lindwurms
  3 necromancers
  2 ironbound convokers
  7 orc knights
  7 mana vipers
  10 salamanders
  7 orc sorcerers
  2 will-o-the-wisps
  2 stone giant zombies (Vaults:1)
  18 ugly things
  4 cyclopes
  2 manticores (D:13)
  A frost giant zombie (Vaults:1)
  2 human zombies
  2 vault sentinels
  12 elephants
  Joseph (D:9)
  6 guardian serpents
  An ice statue (Gauntlet)
  31 black mambas
  13 naga magi
  5 torpor snails (Lair:5)
  8 cane toads
  3 unseen horrors
  A gargoyle (D:9)
  A rime drake (shapeshifter) (D:14)
  6 rime drakes
  5 komodo dragons
  A centaur skeleton (D:15)
  4 yaktaurs
  An efreet (D:15)
  2 tengu conjurers (D:15)
  A troll (shapeshifter) (D:15)
  3 meliai (D:14)
  10 hornets
  A polar bear (shapeshifter) (D:14)
  10 trolls
  18 polar bears
  11 tyrant leeches
  2 raiju (Lair:5)
  9 blink frogs
  28 slime creatures
  A tengu simulacrum (Vaults:2)
  A sphinx simulacrum (Vaults:1)
  A meliai zombie (D:15)
  2 shadows
  2 spriggans
  6 flying skulls (Gauntlet)
  3 water elementals (D:13)
  35 yaks
  7 wraiths
  3 basilisks
  6 fire elementals
  3 wyverns
  A yaktaur simulacrum (Vaults:2)
  3 steam dragons
  3 death yak simulacra (D:12)
  14 vampire mosquitoes
  49 nagas
  12 swamp worms
  10 wargs
  14 water moccasins
  An acid dragon (D:9)
  17 hell hounds
  A sky beast (D:7)
  14 black bears
  26 orc warriors
  2 ice beasts
  8 swamp drakes (Swamp:4)
  7 ogres
  4 boggarts (Lair:3)
  20 centaurs
  35 wolves
  A phantom (D:3)
  2 kobold brigands
  A necrophage (D:8)
  11 bullfrogs
  A gnoll sergeant (D:9)
  A human skeleton (Vaults:2)
  2 two-headed ogre simulacra (D:12)
  A scorpion (D:5)
  10 wights
  5 killer bees (D:7)
  6 howler monkeys
  7 electric eels
  7 hounds
  3 quasits (D:6)
  25 orc priests
  7 iguanas
  25 orc wizards
  A polar bear simulacrum (D:12)
  A spriggan simulacrum (D:12)
  A boggart zombie (D:15)
  11 hell rats (Lair:5)
  A troll simulacrum (D:12)
  Robin (D:3)
  14 gnolls
  5 adders
  3 shadow imps
  13 white imps
  4 ufetubi
  A worm (D:4)
  2 dart slugs
  68 orcs
  4 ball pythons
  6 endoplasms
  4 giant cockroaches
  29 goblins
  8 hobgoblins
  2 jackals (D:3)
  5 quokkas
  14 bats
  6 frilled lizards
  19 kobolds
  4 rats
  A butterfly (Lair:1)
1117 creatures vanquished.

Vanquished Creatures (others)
  A bunyip (Swamp:1)
  A hydra (Swamp:4)
  2 wizards
  A mana viper (Snake:4)
  A guardian serpent (Snake:4)
  5 bloated husks
  A swamp worm (Swamp:4)
  A human (D:10)
  A briar patch (Swamp:1)
  A bush (Lair:5)
  3 demonic plants (D:6)
  6 foxfires
  25 fungi
  55 plants
  22 withered plants (Gauntlet)
126 creatures vanquished.

Grand Total: 1243 creatures vanquished

Notes
Turn   | Place    | Note
-------+----------+-------------------------------------------
     0 | D:1      | Flugkiller the Mummy Warper began the quest for the Orb.
     0 | D:1      | Reached XP level 1. HP: 16/16 MP: 4/4
   107 | D:1      | Found Jotuynil's Assorted Antiques.
   130 | D:1      | Found Geriopy's Book Emporium.
   271 | D:1      | Found Jynwupul's Armour Boutique.
   284 | D:1      | Found Wefil's Assorted Antiques.
   294 | D:1      | Reached XP level 2. HP: 22/22 MP: 5/5
   297 | D:1      | Bought a scroll labelled PEPNOA ROHUASM for 21 gold pieces
   297 | D:1      | Bought a scroll labelled DIJESKENICW for 21 gold pieces
   297 | D:1      | Found Vutiep's Antique Armour Shop.
   310 | D:1      | Reached skill level 1 in Armour
   461 | D:1      | Reached skill level 1 in Throwing
   794 | D:1      | Learned a level 2 spell: Blink
   988 | D:2      | Gained mutation: You are in touch with the powers of death.
                  | [Mummy growth]
   988 | D:2      | Reached XP level 3. HP: 27/27 MP: 7/7
  1320 | D:2      | Noticed a phantom
  1648 | D:3      | Reached XP level 4. HP: 25/33 MP: 8/8
  1767 | D:3      | Found a sacrificial altar of Ru.
  1795 | D:3      | Found an iron altar of Okawaru.
  1912 | D:3      | Noticed Robin
  1920 | D:3      | Reached XP level 5. HP: 33/38 MP: 9/9
  1922 | D:3      | Killed Robin
  2470 | D:3      | Became a worshipper of Warmaster Okawaru
  2487 | D:4      | Noticed a phantom
  2496 | D:3      | Killed a phantom
  2497 | D:3      | Reached skill level 3 in Fighting
  2497 | D:3      | Reached XP level 6. HP: 41/47 MP: 10/10
  2617 | D:4      | Found a blossoming altar of Fedhas.
  2640 | D:4      | Found a transporter.
  3035 | D:4      | Found a staircase to the Ecumenical Temple.
  3072 | D:4      | Found a transporter.
  3077 | D:4      | Reached * piety under Okawaru
  3224 | D:4      | Identified the +5 whip of Awkwardness {antimagic, *Rage
                  | rN+++ Will+}
  3469 | D:5      | Entered Level 5 of the Dungeon
  3519 | D:5      | Reached skill level 5 in Axes
  3770 | D:1      | Bought a scroll labelled SUYFOB WISTRESAOL for 21 gold
                  | pieces
  3778 | D:1      | Bought a pair of glowing gloves for 172 gold pieces
  3855 | D:5      | Reached XP level 7. HP: 52/52 MP: 11/11
  4473 | D:6      | Reached ** piety under Okawaru
  4474 | D:6      | Reached skill level 1 in Invocations
  4668 | D:6      | Reached XP level 8. HP: 58/58 MP: 12/12
  4737 | D:6      | Reached skill level 5 in Translocations
  4775 | D:6      | Learned a level 3 spell: Teleport Other
  4779 | D:6      | Learned a level 3 spell: Vhi's Electric Charge
  4853 | D:6      | Reached *** piety under Okawaru
  4959 | D:6      | Found a bloodstained altar of Trog.
  5301 | D:7      | Reached skill level 1 in Air Magic
  5317 | D:7      | Reached skill level 4 in Fighting
  5372 | D:7      | Reached XP level 9. HP: 56/65 MP: 15/15
  5389 | D:7      | Reached **** piety under Okawaru
  5564 | D:7      | Reached skill level 5 in Fighting
  5974 | D:8      | Reached skill level 6 in Fighting
  6099 | D:8      | Found an opulent altar of Gozag.
  6181 | D:8      | Identified the amulet "Zedus" {Faith Will+ Regen+}
  6220 | D:8      | Found an opulent altar of Gozag.
  6222 | D:8      | Found an opulent altar of Gozag.
  6284 | D:8      | Found an opulent altar of Gozag.
  6352 | D:8      | Noticed a troll
  6392 | D:7      | Killed a troll
  6431 | D:8      | Reached ***** piety under Okawaru
  6537 | D:8      | Reached skill level 1 in Evocations
  6563 | D:8      | Found a staircase to the Lair.
  6584 | D:8      | Received a gift from Okawaru
  6690 | D:8      | Reached skill level 5 in Armour
  6690 | D:8      | Reached XP level 10. HP: 76/76 MP: 12/16
  7356 | D:9      | Noticed a centaur warrior
  7447 | D:9      | Noticed qborf's ghost (novice DEFE)
  7447 | D:9      | Found a runed translucent gate.
  7447 | D:9      | Found a runed translucent gate.
  7447 | D:9      | Found a runed translucent gate.
  7506 | D:9      | Found Femoafev's Antique Armour Shoppe.
  7694 | D:9      | Killed a centaur warrior
  7694 | D:9      | Identified the +3 cloak of Chimes {Slay+2} (Okawaru gifted
                  | it to you on level 9 of the Dungeon)
  7694 | D:9      | Received a gift from Okawaru
  7929 | D:9      | Noticed Joseph
  7945 | D:9      | Noticed a gargoyle
  7946 | D:9      | Killed Joseph
  8003 | D:9      | Killed a gargoyle
  8004 | D:9      | Reached skill level 5 in Invocations
  8004 | D:9      | Reached skill level 5 in Evocations
  8050 | D:9      | Found a staircase to the Orcish Mines.
  8131 | D:9      | Found a snail-covered altar of Cheibriados.
  8233 | D:9      | Found the +8 lance "Wyrmbane" {slay drac, rPois rF+ rC+
                  | AC+3}
  8262 | D:9      | Found a hazy altar of Hepliaklqana.
  8262 | D:9      | Found a sparkling altar of Nemelex Xobeh.
  8269 | D:9      | Found a faded altar of an unknown god.
  8271 | D:9      | Found a stormy altar of Qazlal.
  8276 | D:9      | Found a faded altar of an unknown god.
  8392 | D:9      | Found a viscous altar of Jiyva.
  8401 | D:10     | Entered Level 10 of the Dungeon
  8401 | D:10     | Noticed a centaur warrior
  8420 | D:10     | Killed a centaur warrior
  8421 | D:10     | Reached skill level 1 in Polearms
  8567 | D:10     | Reached XP level 11. HP: 79/81 MP: 17/17
  8605 | D:10     | Found an ancient bone altar of Kikubaaqudgha.
  8713 | D:10     | Noticed Josephine
  8732 | D:10     | Killed Josephine
  9250 | D:11     | Identified the +11 quarterstaff of the Boar {elec, rPois
                  | Str+4 Int+4 Stlth-} (Okawaru gifted it to you on level 11
                  | of the Dungeon)
  9250 | D:11     | Received a gift from Okawaru
  9331 | D:11     | Found a radiant altar of Vehumet.
  9381 | D:11     | Noticed a boulder beetle
  9401 | D:11     | Killed a boulder beetle
  9402 | D:11     | Reached skill level 7 in Fighting
  9694 | D:11     | Noticed a boulder beetle
  9738 | D:11     | Killed a boulder beetle
  9825 | D:11     | Found a portal to a secret trove of treasure.
 10086 | Lair:1   | Entered Level 1 of the Lair of Beasts
 10114 | Lair:1   | Noticed a death yak
 10114 | Lair:1   | Noticed a death yak
 10122 | Lair:1   | Noticed a death yak
 10122 | Lair:1   | Noticed a death yak
 10122 | Lair:1   | Noticed a death yak
 10134 | Lair:1   | Killed a death yak
 10134 | Lair:1   | Identified the +11 spear of Havoc {vamp, rF+ rC+} (Okawaru
                  | gifted it to you on level 1 of the Lair of Beasts)
 10134 | Lair:1   | Received a gift from Okawaru
 10156 | Lair:1   | Killed a death yak
 10174 | Lair:1   | Killed a death yak
 10175 | Lair:1   | Reached skill level 8 in Fighting
 10187 | Lair:1   | Killed a death yak
 10188 | Lair:1   | Reached XP level 12. HP: 92/92 MP: 10/18
 10217 | Lair:1   | Killed a death yak
 10217 | Lair:1   | Reached ****** piety under Okawaru
 11064 | Lair:2   | Received a gift from Okawaru
 11211 | Lair:2   | Noticed a four-headed hydra
 11219 | Lair:2   | Killed a four-headed hydra
 11246 | Lair:2   | Reached skill level 5 in Polearms
 12229 | Lair:3   | Reached skill level 9 in Fighting
 12233 | Lair:3   | Found a staircase to the Swamp.
 12290 | Lair:3   | Found a staircase to the Snake Pit.
 13291 | Lair:4   | Noticed a boulder beetle
 13329 | Lair:4   | Noticed Rupert
 13362 | Lair:4   | Killed Rupert
 13362 | Lair:4   | Identified the +1 scale mail "Runisies" {-Cast +Inv Dex+6}
                  | (Okawaru gifted it to you on level 4 of the Lair of Beasts)
 13362 | Lair:4   | Received a gift from Okawaru
 13377 | Lair:4   | Killed a boulder beetle
 13481 | Lair:4   | Noticed a boulder beetle
 13539 | Lair:4   | Killed a boulder beetle
 13540 | Lair:4   | Reached skill level 10 in Fighting
 13611 | Lair:4   | Gained mutation: You are strongly in touch with the powers
                  | of death. [Mummy growth]
 13611 | Lair:4   | Reached XP level 13. HP: 91/103 MP: 19/19
 13638 | Lair:4   | Found a viscous altar of Jiyva.
 13642 | Lair:4   | Found a staircase to the Slime Pits.
 13671 | Lair:4   | Identified a scroll of acquirement
 14173 | Lair:5   | Entered Level 5 of the Lair of Beasts
 14289 | Lair:5   | Noticed a dire elephant
 14324 | Lair:5   | Killed a dire elephant
 14324 | Lair:5   | Identified the +3 spear of the Pyrrhic Victory {speed, rC++
                  | Will- Int+2} (Okawaru gifted it to you on level 5 of the
                  | Lair of Beasts)
 14324 | Lair:5   | Received a gift from Okawaru
 14438 | Lair:5   | Reached skill level 11 in Fighting
 14578 | Lair:5   | Reached skill level 10 in Armour
 14646 | Lair:5   | Identified the +1 scale mail "Poilaxt" {Will+} (Okawaru
                  | gifted it to you on level 5 of the Lair of Beasts)
 14646 | Lair:5   | Received a gift from Okawaru
 14851 | Lair:5   | Found a transporter.
 14856 | Lair:5   | Found a transporter.
 14859 | Lair:5   | Noticed gabibbone's ghost (journeyman AtFi)
 15250 | Lair:5   | Reached XP level 14. HP: 114/114 MP: 20/20
 15349 | Lair:5   | Reached skill level 12 in Fighting
 15404 | Lair:5   | Noticed Sonja
 15405 | Lair:5   | Sonja changed into Sonja the rat
 15405 | Lair:5   | Noticed Sonja
 15408 | Lair:5   | Killed Sonja the rat
 15484 | Lair:5   | Found a runed translucent door.
 15497 | Lair:5   | Received a gift from Okawaru
 16462 | D:12     | Found a gate leading to a gauntlet.
 16466 | D:12     | Found a frozen archway.
 16528 | IceCv    | Entered an ice cave
 16601 | IceCv    | Reached skill level 10 in Polearms
 16742 | Gauntlet | Entered a Gauntlet
 16742 | Gauntlet | Found a large runed translucent door.
 16742 | Gauntlet | Found a large runed translucent door.
 16742 | Gauntlet | Found a large runed translucent door.
 16742 | Gauntlet | Found a large runed translucent door.
 16742 | Gauntlet | Found a large runed translucent door.
 16742 | Gauntlet | Found a large runed translucent door.
 16742 | Gauntlet | Found a runed translucent door.
 16742 | Gauntlet | Found a transporter.
 16742 | Gauntlet | Found a transporter.
 16742 | Gauntlet | Found a runed translucent door.
 16742 | Gauntlet | Found a large runed translucent door.
 16742 | Gauntlet | Found a large runed translucent door.
 16742 | Gauntlet | Found a large runed translucent door.
 16742 | Gauntlet | Found a large runed translucent door.
 16742 | Gauntlet | Found a large runed translucent door.
 16742 | Gauntlet | Found a large runed translucent door.
 16746 | Gauntlet | Found a transporter.
 16746 | Gauntlet | Found a transporter.
 16747 | Gauntlet | Found a large runed translucent door.
 16747 | Gauntlet | Found a large runed translucent door.
 16747 | Gauntlet | Found a large runed translucent door.
 16747 | Gauntlet | Found a large runed translucent door.
 16758 | Gauntlet | Found a transporter.
 16766 | Gauntlet | Found a transporter.
 16766 | Gauntlet | Found a transporter.
 16778 | Gauntlet | Found a transporter.
 16795 | Gauntlet | Found a transporter.
 16823 | Gauntlet | Found a runed translucent gate.
 16823 | Gauntlet | Found a runed translucent gate.
 16823 | Gauntlet | Found a runed translucent gate.
 16825 | Gauntlet | Found a transporter.
 16860 | Gauntlet | Found a transporter.
 16870 | Gauntlet | Found a transporter.
 16884 | Gauntlet | Found a transporter.
 16897 | Gauntlet | Found a transporter.
 16986 | Gauntlet | Found a transporter.
 16996 | Gauntlet | Noticed a broodmother
 17002 | Gauntlet | Found a transporter.
 17017 | Gauntlet | a broodmother changed into a satyr
 17299 | Gauntlet | Identified the ring of Woulykynn {rCorr Stlth+}
 17322 | Gauntlet | a minotaur changed into an emperor scorpion
 17322 | Gauntlet | Noticed an emperor scorpion
 17341 | Gauntlet | Killed an emperor scorpion
 17391 | Gauntlet | Identified the +0 rapier of the Vestibule of Hell {vorpal,
                  | Will+}
 17401 | Gauntlet | Identified the +1 robe of the Jabberwock {rCorr Str+2}
 17427 | D:12     | Acquired the +2 pair of gloves of Negation {Contam rPois
                  | rC++ Int+4}
 17453 | D:12     | Learned a level 5 spell: Irradiate
 17561 | D:12     | Reached skill level 1 in Transmutations
 17612 | D:12     | Reached skill level 1 in Conjurations
 17950 | D:12     | Received a gift from Okawaru
 18059 | D:12     | Found Houps's Book Shop.
 18305 | D:13     | Reached skill level 5 in Spellcasting
 19396 | D:14     | Found a gate to the Vaults.
 19431 | D:14     | Noticed Azrael
 19501 | D:14     | Reached XP level 15. HP: 108/120 MP: 23/23
 19724 | D:14     | Noticed Louise
 19767 | D:14     | Killed Louise
 19768 | D:14     | Reached skill level 5 in Transmutations
 19862 | D:14     | Killed Azrael
 20014 | D:14     | Identified the +0 buckler of Ynux {rF+} (Okawaru gifted it
                  | to you on level 14 of the Dungeon)
 20014 | D:14     | Received a gift from Okawaru
 20133 | D:14     | Identified the +9 chain mail "Lumastaen" {rElec Int+5}
 20241 | D:14     | Found a runed translucent door.
 20244 | D:14     | Noticed Teareba's ghost (adept VSBr)
 20307 | D:14     | Identified the +6 spear of Extremism {drain, Will+ Str+4
                  | SInv}
 20680 | D:15     | Entered Level 15 of the Dungeon
 21322 | D:15     | Reached skill level 5 in Conjurations
 21331 | D:15     | Found a staircase to the Depths.
 21864 | Orc:1    | Entered Level 1 of the Orcish Mines
 22266 | Orc:1    | Received a gift from Okawaru
 22700 | Orc:2    | Entered Level 2 of the Orcish Mines
 22865 | Orc:2    | Found a staircase to the Elven Halls.
 23031 | Orc:2    | Noticed Donald
 23058 | Orc:2    | Killed Donald
 23441 | Orc:2    | Found a burning altar of Makhleb.
 23510 | Orc:2    | Identified the +1 chain mail "Xealehao" {Harm Fly rN+++
                  | Int-3} (Okawaru gifted it to you on level 2 of the Orcish
                  | Mines)
 23510 | Orc:2    | Received a gift from Okawaru
 23777 | Orc:2    | Found Eqeimeur's Antique Armour Emporium.
 23777 | Orc:2    | Found Kaor's Antique Armour Boutique.
 23790 | Orc:2    | Found Tishyimm's General Store.
 23790 | Orc:2    | Found Ocoup's Armour Boutique.
 24096 | Swamp:1  | Entered Level 1 of the Swamp
 24115 | Arena    | Entered the Arena
 24248 | Swamp:1  | Reached XP level 16. HP: 127/127 MP: 27/29
 24400 | Swamp:1  | Reached skill level 10 in Transmutations
 24511 | Swamp:1  | Noticed a thorn hunter
 24597 | Swamp:1  | Killed a thorn hunter
 25597 | Swamp:2  | Identified the +5 demon trident of Zixto {flame, rN+ Will+
                  | Dex+4} (Okawaru gifted it to you on level 2 of the Swamp)
 25597 | Swamp:2  | Received a gift from Okawaru
 25835 | Swamp:3  | Noticed Bai Suzhen
 26115 | Arena    | Entered the Arena
 26138 | Arena    | Killed Bai Suzhen
 26753 | Swamp:3  | Identified the +10 dire flail "Myruuxt" {vorpal, Fragile
                  | rF+ Str+3} (Okawaru gifted it to you on level 3 of the
                  | Swamp)
 26753 | Swamp:3  | Received a gift from Okawaru
 26916 | Swamp:4  | Entered Level 4 of the Swamp
 26954 | Swamp:4  | Reached skill level 1 in Shields
 27439 | Swamp:4  | Got a decaying rune of Zot
 27472 | Swamp:4  | Received a gift from Okawaru
 27800 | Snake:1  | Entered Level 1 of the Snake Pit
 27802 | Snake:1  | Noticed Agnes
 27802 | Snake:1  | Noticed Aizul
 27819 | Lair:3   | Killed Agnes
 27844 | Lair:3   | Killed Aizul
 27943 | Snake:1  | Reached skill level 10 in Invocations
 28014 | Snake:1  | Reached XP level 17. HP: 135/135 MP: 30/30
 28112 | Snake:1  | Identified the +1 helmet "File" {rElec rN+ Str-3 Int+5}
                  | (Okawaru gifted it to you on level 1 of the Snake Pit)
 28112 | Snake:1  | Received a gift from Okawaru
 28273 | Snake:1  | Identified the +1 robe "Xets" {rF+ rC+ Slay+3}
 28355 | Snake:1  | Found Sucyrph's Antique Armour Shoppe.
 28355 | Snake:1  | Found Qeytetut's Magic Scroll Emporium.
 28370 | Snake:1  | Bought a scroll of acquirement for 728 gold pieces
 28370 | Snake:1  | Acquired the +0 buckler "Zaquonno" {rC+ Str+2 Slay+3}
 28531 | Snake:1  | Identified the +5 falchion of Lies {distort, *Corrode Int+7
                  | SInv}
 28660 | Snake:1  | Identified Roxanne's Codex of the Ground
 28660 | Snake:1  | Noticed Roxanne
 29043 | Snake:2  | Reached skill level 13 in Fighting
 29075 | Snake:2  | Identified the +9 war axe of Prudence {flame, rCorr Int+6
                  | Dex+4}
 29345 | Snake:2  | Reached skill level 5 in Dodging
 29704 | Snake:2  | Noticed Nikola
 29723 | Snake:2  | Killed Nikola
 29724 | Snake:2  | Reached skill level 5 in Shields
 30013 | Snake:3  | Reached skill level 14 in Fighting
 30054 | Snake:3  | Received a gift from Okawaru
 30083 | Snake:3  | Acquired the +8 demon trident "Rift" {distort, reach+}
 30083 | Snake:3  | Found the +8 demon trident "Rift" {distort, reach+}
 30196 | Snake:3  | Identified the +9 shortbow of Wu Jian's Displeasure {flame,
                  | rF+ rC+ Str+8 Int-5}
 30209 | Snake:3  | Identified the +7 lajatang of Qazlal's Supremacy {freeze,
                  | rPois}
 30671 | Snake:4  | Entered Level 4 of the Snake Pit
 30671 | Snake:4  | Found Ushraj's Self-Improvement Boutique.
 30678 | Snake:4  | Bought a manual of Fighting for 960 gold pieces
 31139 | Snake:4  | Found Zifyfale's Magic Scroll Emporium.
 31141 | Snake:4  | Found Fyxunamoaj's Armour Shoppe.
 31143 | Snake:4  | Found Buitorgh's Jewellery Emporium.
 31312 | Snake:4  | Received a gift from Okawaru
 31663 | Snake:4  | Identified the +5 whip of Taur {spect, rF+ Dex+3 SInv}
 31708 | Snake:4  | Found a runed translucent door.
 32131 | Snake:4  | Reached XP level 18. HP: 140/146 MP: 31/31
 32144 | Snake:4  | Identified the +5 trident of Gallantry {distort, Fly rC+}
                  | (Okawaru gifted it to you on level 4 of the Snake Pit)
 32144 | Snake:4  | Received a gift from Okawaru
 32316 | Snake:4  | Got a serpentine rune of Zot
 32405 | Snake:4  | Noticed BankerBuddy's ghost (journeyman MiFi)
 32683 | Vaults:1 | Entered Level 1 of the Vaults
 33114 | Vaults:1 | Received a gift from Okawaru
 33390 | Vaults:1 | Reached skill level 10 in Conjurations
 33481 | Vaults:1 | Found Zekem's Antique Armour Boutique.
 33818 | Vaults:2 | Reached skill level 15 in Fighting
 33926 | Vaults:2 | Identified the +1 trident "Orb Guardian's Foe" {venom,
                  | rC++} (Okawaru gifted it to you on level 2 of the Vaults)
 33926 | Vaults:2 | Received a gift from Okawaru
 34140 | Vaults:2 | Noticed Mennas
 34148 | Vaults:2 | Mangled by Mennas

Illustrated notes

Levels and vault maps discovered:
D:1:      psy_arrival_basics, layout_basic, serial_shops, shop, shop, shop,
          nicolae_shop_overgrown_old_shop, nicolae_shop_overgrown_old_shop
D:2:      layout_loops_ring
D:3:      cheibrodos_greedy_goblins, layout_basic,
          mainiacjoe_overflow_catch_the_wave, minmay_misc_feat_cross, uniq_robin
D:4:      gammafunk_wand_slinger, layout_basic, old_standard_altar,
          minmay_temple_entry_glass
D:5:      layout_basic, mainiacjoe_overflow_surrounded_room, grunt_ministairs_10
D:6:      layout_rooms, trog_hazing_becter, serial_demonic, serial_demonic_c,
          serial_demonic_c, serial_demonic_d, serial_demonic_b,
          serial_demonic_f, serial_demonic_d
D:7:      layout_loops_ring, nicolae_overflow_crystal_walls
D:8:      layout_cave_pods, nicolae_gozag_conspicuous_consumption,
          erik_lair_island
D:9:      layout_long_grid, chequers_temple_overflow_minitemple,
          kennysheep_little_box, serial_shops, shop, gammafunk_ghost_ooze,
          minmay_radiant, uniq_joseph
D:10:     layout_basic, tgw_kikubaaqudgha, uniq_josephine
D:11:     layout_irregular_city, nicolae_trove_entry_crystal, minivault_11,
          nicolae_vehumet_altar_sigil
D:12:     layout_long_grid, portal_ice_cave_entry_ice_simulacra,
          gauntlet_entry_generic, serial_shops, nicolae_shop_trees
D:13:     layout_basic
D:14:     layout_long_grid, david_vaults_2, columned_hall_lemuel,
          ebering_ghost_funeral_grove, uniq_louise, uniq_azrael
D:15:     grunt_enter_depths_magical_seal, layout_loops_ring,
          nicolae_two_hexagons, minmay_door_square
Lair:1:   layout_layer_cave, serial_bayou_pond_d, lemuel_fruit_fields
Lair:2:   layout_cave_pods, infiniplex_staircase_pool_2, grunt_megastairs_4,
          serial_bayou_shore_b
Lair:3:   layout_cave_pods, minmay_swamp_entry_worms, dummy_snake_entry,
          bh_autumn_forest_stairs, kilobyte_rumbling_trees
Lair:4:   layout_gridlike, slime_entry_1, uniq_rupert
Lair:5:   hangedman_lair_caniforms_friends, layout_misc_corridors, wormcave,
          gammafunk_ghost_berserking_beasts, grunt_megastairs_1, uniq_sonja
Swamp:1:  layout_basic_swamp, evilmike_swamp_ruin_rubble_2, swamp_pool2
Swamp:2:  layout_basic_swamp, evilmike_swamp_ruin_house_3,
          infiniplex_staircase_pool
Swamp:3:  nicolae_swamp_long_stream, layout_falls_marsh, serial_swamp_ruin,
          evilmike_swamp_ruin_house_1, evilmike_swamp_ruin_house_5,
          evilmike_swamp_ruin_wall, uniq_bai_suzhen
Swamp:4:  swamp_alternative, layout_basic_swamp, swamp_pool2, lightli_tree_ring
Snake:1:  layout_layer_cave, serial_bayou_shore_a, minmay_shoptagon,
          uniq_roxanne, uniq_agnes, uniq_aizul
Snake:2:  layout_cave_pods, uniq_nikola
Snake:3:  layout_onion_interference, special_room
Snake:4:  grunt_snake_rune_pools, layout_chambers,
          ebering_ghost_reflecting_pool, nicolae_shop_self_help,
          minmay_shop_star
Orc:1:    layout_caves, mines5_lemuel
Orc:2:    grunt_orc_tribal_feast, layout_caves, roderic_batcave, bloody_makhleb,
          uniq_donald
Vaults:1: nicolae_vaults_big_ls, nicolae_vaults_bisected_slash, v_alt_pattern_1,
          ontoclasm_vaults_tryst, grunt_vaults_funnel, vaults_room_grid,
          layout_vaults_big_room, serial_shops, nicolae_shop_overgrown_old_shop
Vaults:2: minmay_crypt_entry_simple_walls, nicolae_vaults_network_s,
          grunt_vaults_bifocal, ontoclasm_vaults_claustrophobia,
          vaults_dpeg_cross, v_misc_8, vaults_room_corners,
          nicolae_vaults_an_arrangement, layout_vaults_quadrants, uniq_mennas

Skill      XL: |  1  2  3  4  5  6  7  8  9 10 11 12 13 14 15 16 17 18 |
---------------+-------------------------------------------------------+-----
Armour         | 1 5 6 7 9 10 11 | 11.0
Throwing       | 1 |  1.2
Spellcasting   | 3 4 5 9 |  9.0
Axes           | 2 3 4 5 6 |  6.0
Translocations | 3 4 5 6 |  6.0
Fighting       | 3 4 6 8 10 11 12 14 15 | 15.5
Invocations    | 3 5 7 8 10 | 10.0
Air Magic      | 2 3 |  3.0
Evocations     | 2 5 6 8 |  8.0
Polearms       | 1 4 6 8 11 12 13 | 13.0
Transmutations | 4 9 11 | 11.4
Conjurations   | 2 6 8 9 10 | 10.0
Dodging        | 3 5 |  5.0
Shields        | 3 5 |  5.0

Action                   |  1- 3 |  4- 6 |  7- 9 | 10-12 | 13-15 | 16-18 || total
-------------------------+-------+-------+-------+-------+-------+-------++-------
Melee: Hand axe          |   107 |   112 |   334 |   303 |       |       ||   856
       Spear             |       |       |       |   524 |  1139 |       ||  1663
       Lance             |       |       |       |       |  1448 |   389 ||  1837
       Demon trident     |       |       |       |       |       |  1272 ||  1272
Throw: Dart              |       |       |       |       |       |     4 ||     4
 Cast: Vhi's Electric Ch |       |       |    12 |    23 |     3 |     7 ||    45
       Teleport Other    |       |       |       |     4 |     1 |       ||     5
       Irradiate         |       |       |       |       |       |    32 ||    32
Invok: Heroism           |       |       |     1 |    11 |    14 |    13 ||    39
       Finesse           |       |       |       |     2 |     9 |     3 ||    14
       Duel              |       |       |       |       |     1 |     1 ||     2
Evoke: Wand              |       |       |     1 |       |     3 |     3 ||     7
  Use: Scroll            |     1 |     6 |     4 |     2 |     7 |     6 ||    26
 Stab: Confused          |       |       |       |       |       |     2 ||     2
Armor: Leather armour    |    32 |    34 |   109 |       |       |       ||   175
       Ring mail         |       |       |    47 |   348 |   573 |       ||   968
       Fire dragon scale |       |       |       |       |   660 |   831 ||  1491
Dodge: Dodged            |    61 |    76 |   285 |   508 |  1360 |   861 ||  3151
Block: Buckler           |       |       |       |       |       |   157 ||   157

Table legend: (Time is in decaauts)
 A = Elapsed time spent in this place.
 B = Non-inter-level travel time spent in this place.
 C = Inter-level travel time spent in this place.
 D = Time resting spent in this place.
 E = Time spent auto-exploring this place.
 F = Levels seen in this place.
 G = Mean time per level.
                   A        B        C        D        E       F      G
               +--------+--------+--------+--------+--------+-----+--------+
         Total |  32228 |  29904 |   2324 |   3031 |  18470 |  36 |  895.2 |
       Dungeon |  14662 |  13287 |   1375 |   1397 |   8481 |  15 |  977.5 |
          Lair |   6241 |   5638 |    603 |    343 |   3688 |   5 | 1248.2 |
         Swamp |   3127 |   2995 |    132 |    513 |   1522 |   4 |  781.8 |
     Snake Pit |   4361 |   4233 |    128 |    473 |   2642 |   4 | 1090.2 |
  Orcish Mines |   1740 |   1677 |     63 |     37 |   1066 |   2 |  870.0 |
        Vaults |   1314 |   1292 |     22 |    162 |    808 |   2 |  657.0 |
      Ice Cave |    129 |    129 |      0 |      0 |      0 |   1 |  129.0 |
      Gauntlet |    617 |    617 |      0 |     97 |    263 |   1 |  617.0 |
         Arena |     33 |     33 |      0 |      8 |      0 |   2 |   16.5 |
               +--------+--------+--------+--------+--------+-----+--------+

Top non-repeatable levels by time:
  Lair:5: 1714 daAuts
 Snake:4: 1616 daAuts
  Lair:3: 1572 daAuts
     D:8: 1458 daAuts
    D:14: 1322 daAuts
    D:13: 1046 daAuts
  Lair:4: 1032 daAuts
   Orc:2: 1019 daAuts
     D:4: 1003 daAuts
     D:3: 995 daAuts
 Snake:2: 984 daAuts
    D:10: 975 daAuts
  Lair:1: 974 daAuts
 Snake:1: 954 daAuts
    D:15: 951 daAuts
